Map: New Gettysburg LE

Players

Klaymo

  • Race: Zerg Zerg
  • League: Platinum
  • Spawn Location: 5:00

Fropez - Winner!

  • Race: Protoss Protoss
  • League: Gold
  • Spawn Location: 7:00

VOD

Have the link to the VOD?

Description

Time

  • Played on: Oct. 21, 2016, 11:19 p.m.
  • Length: 24:31
Show
View Real Time Build Order
Export as new Build Order

Klaymo Zerg 

Build Orders: Hatch First 

Get SALT Encoding   

  12  0:03  Drone  
  13  0:13  Overlord  
  13  0:20  Drone  
  14  0:31  Drone  
  14  0:32  Drone  
  16  0:44  Drone  
  17  0:55  Hatchery  
  16  0:59  Drone  
  16  1:03  Extractor  
  16  1:08  Drone  
  17  1:20  Spawning Pool  
  17  1:23  Drone  
  17  1:27  Drone  
  18  1:33  Drone  
  19  1:45  Drone  
  20  1:58  Drone  
  21  2:08  Overlord  
  21  2:11  Queen  
  21  2:12  Queen  
  21  2:14  Drone  
  26  2:20  Metabolic Boost  
  26  2:28  Drone  
  26  2:29  Drone  
  28  2:32  Drone  
  28  2:35  Drone  
  30  2:42  Drone  
  30  2:43  Drone  
  32  2:51  Spine Crawler  
  32  2:58  Zergling x4  
  32  3:05  Spine Crawler  
  32  3:15  Drone x4  
  32  3:17  Overlord  
  36  3:33  Overlord  
  36  3:38  Drone  
  36  3:39  Drone x5  
  42  3:48  Extractor  
  41  3:50  Extractor  
  41  3:51  Extractor, Drone x2  
  41  3:52  Drone  
  42  4:01  Lair  
  42  4:10  Roach Warren  
  42  4:12  Baneling Nest  
  42  4:15  Zergling x6  
  43  4:28  Drone x8  
  43  4:29  Drone  
  43  4:30  Overlord x2  
  51  4:48  Overlord  
  51  4:54  Queen  
  51  4:58  Roach x2  
  57  5:00  Drone  
  57  5:06  Drone  
  57  5:07  Drone x4  
  61  5:11  Roach  
  65  5:20  Spine Crawler  
  63  5:28  Roach  
  63  5:29  Roach x4  
  73  5:38  Spire  
  72  5:54  Evolution Chamber  
  72  5:56  Spine Crawler  
  70  5:58  Evolution Chamber  
  70  6:01  Drone x4  
  70  6:02  Evolution Chamber  
  72  6:07  Roach  
  72  6:08  Spine Crawler  
  72  6:10  Roach  
  75  6:14  Overlord x3  
  75  6:16  Overlord  
  75  6:29  Infestation Pit  
  69  6:33  Spore Crawler  
  58  6:52  Mutalisk  
  58  6:53  Mutalisk x7  
  69  7:03  Drone  
  69  7:04  Drone x4  
  74  7:25  Drone x2  
  74  7:26  Drone x2  
  78  7:58  Spore Crawler  
  78  8:02  Overseer  
  78  8:05  Spore Crawler  
  74  8:26  Hatchery  
  73  8:58  Hatchery  
  68  9:11  Hatchery  
  55  9:26  Zergling x12  
  59  9:59  Drone  
  63  10:00  Drone x3  
  63  10:16  Hive  
  63  10:23  Zergling x6  
  63  10:24  Zergling x10  
  71  10:29  Glial Reconstitution  
  71  10:35  Queen  
  73  10:43  Drone  
  73  10:44  Drone x2  
  76  10:51  Drone x3  
  76  10:53  Drone x7  
  76  10:54  Drone x4  
  76  10:56  Zergling x2  
  91  11:17  Evolution Chamber  
  90  11:23  Drone  
  90  11:24  Drone x9  
  100  11:38  Spine Crawler  
  100  11:39  Spine Crawler  
  87  11:45  Zergling x2  
  87  11:46  Zergling x16  
  66  12:47  Zergling x10  
  66  12:48  Zergling x18  
  82  12:58  Roach x2  
  82  13:01  Hatchery  
  83  13:05  Ultralisk Cavern  
  83  13:06  Drone x2  
  83  13:08  Greater Spire  
  83  13:09  Drone  
  85  13:15  Drone x2  
  87  13:30  Zerg Melee Weapons Level 1  
  87  14:06  Ultralisk  
  87  14:07  Ultralisk x2  
  105  14:10  Zergling x2  
  105  14:11  Overlord x2  
  105  14:12  Overlord x7  
  106  14:36  Ultralisk  
  106  14:37  Ultralisk x4  
  106  14:38  Extractor  
  135  14:40  Spine Crawler x3, Drone x4  
  135  14:41  Extractor  
  135  14:43  Drone  
  135  14:45  Drone  
  137  14:46  Drone  
  137  14:48  Drone  
  139  15:04  Corruptor x3  
  145  15:09  Overseer  
  145  15:11  Pneumatized Carapace  
  145  15:14  Burrow  
  145  15:28  Extractor  
  144  15:29  Extractor  
  143  15:41  Mutalisk  
  143  15:42  Mutalisk x9  
  163  15:52  Zerg Melee Weapons Level 2  
  163  15:56  Corruptor x2  
  106  16:35  Ultralisk x2  
  106  16:36  Ultralisk x2  
  106  16:37  Zergling x2  
  106  16:38  Zergling x4  
  111  16:46  Ultralisk  
  115  16:54  Drone x2  
  115  16:55  Drone  
  118  17:05  Drone x3  
  98  17:36  Zergling x8  
  98  17:37  Zergling x20  
  108  17:56  Drone  
  109  18:15  Ultralisk x7  
  109  18:16  Zergling x2  
  109  18:17  Zergling x2  
  109  18:18  Zergling x2  
  155  18:20  Zergling x2  
  146  18:46  Hatchery  
  139  18:57  Zerg Melee Weapons Level 3  
  139  19:07  Queen x3  
  139  19:08  Queen  
  147  19:17  Corruptor  
  147  19:18  Corruptor x5  
  142  20:01  Overseer  
  136  20:24  Queen x3  
  144  20:37  Ultralisk  
  144  20:38  Roach  
  144  20:40  Overlord x5  
  141  21:02  Ultralisk  
  141  21:03  Zergling x8  
  141  21:04  Zergling x12  
  142  21:05  Zergling x26  
  81  22:06  Zergling x14  
  81  22:07  Zergling x4  
  67  22:55  Zergling x2  
  67  22:56  Zergling x20  
  78  23:10  Hatchery  
  77  23:13  Overseer  
  77  24:00  Corruptor x2  
Show
View Real Time Build Order
Export as new Build Order

Fropez Protoss - Winner!

Build Orders:  

Get SALT Encoding   

  12  0:01  Probe (Chrono Boost)  
  13  0:14  Pylon  
  13  0:18  Probe (Chrono Boost)  
  14  0:26  Assimilator  
  14  0:29  Probe (Chrono Boost)  
  15  0:44  Gateway  
  15  0:48  Probe (Chrono Boost)  
  16  0:59  Probe (Chrono Boost)  
  17  1:08  Gateway  
  17  1:09  Probe (Chrono Boost)  
  18  1:20  Probe (Chrono Boost)  
  18  1:24  Pylon  
  19  1:30  Probe (Chrono Boost)  
  20  1:38  Pylon  
  20  1:40  Assimilator  
  20  1:41  Probe (Chrono Boost)  
  21  2:06  Nexus  
  21  2:12  Probe (Chrono Boost)  
  22  2:19  Gateway  
  22  2:24  Probe (Chrono Boost)  
  23  2:38  Probe (Chrono Boost)  
  23  2:41  Cybernetics Core  
  25  2:51  Probe (Chrono Boost)  
  25  3:02  Probe (Chrono Boost)  
  26  3:09  Pylon  
  26  3:12  Probe (Chrono Boost)  
  28  3:20  Gateway  
  28  3:21  Twilight Council  
  28  3:23  Mothership Core (Chrono Boost)  
  30  3:27  Probe (Chrono Boost)  
  30  3:37  Probe (Chrono Boost)  
  31  3:45  Gateway  
  31  3:49  Pylon  
  31  3:50  Resonating Glaives  
  31  3:51  Probe (Chrono Boost)  
  31  3:52  Probe (Chrono Boost)  
  33  4:00  Adept  
  33  4:01  Probe (Chrono Boost)  
  36  4:08  Adept  
  38  4:10  Warp Gate (Chrono Boost)  
  38  4:17  Probe  
  38  4:19  Probe  
  38  4:21  Adept  
  38  4:22  Adept  
  44  4:29  Probe  
  45  4:34  Adept  
  47  4:41  Probe  
  46  4:47  Probe  
  46  4:48  Assimilator  
  47  4:53  Pylon, Probe  
  47  4:59  Probe  
  49  5:01  Gateway  
  49  5:02  Robotics Facility  
  49  5:05  Probe  
  50  5:07  Pylon  
  50  5:11  Probe  
  51  5:30  Pylon  
  51  5:32  Pylon  
  51  5:39  Gateway  
  51  5:43  Dark Shrine  
  51  5:44  Pylon  
  51  5:45  Assimilator  
  51  5:54  Immortal  
  55  6:00  Pylon  
  55  6:04  Probe x2  
  57  6:15  Adept x2  
  57  6:16  Adept x4  
  67  6:46  Adept x4  
  67  6:47  Adept x2  
  75  6:48  Probe x2  
  75  6:52  Immortal  
  79  6:57  Forge  
  79  7:00  Probe  
  74  7:17  Dark Templar x2  
  74  7:18  Dark Templar x3  
  72  7:48  Blink  
  72  7:59  Stalker x4  
  72  8:00  Stalker x2  
  83  8:16  Stalker  
  75  8:23  Nexus  
  75  8:24  Protoss Ground Weapons Level 1 (Chrono Boost)  
  75  8:26  Pylon  
  75  8:28  Pylon  
  75  8:39  Probe x2  
  77  8:48  Photon Cannon  
  77  8:49  Photon Cannon  
  77  8:52  Pylon  
  77  8:55  Stalker x4  
  79  8:56  Stalker  
  79  9:10  Probe x2  
  71  9:29  Stalker x3  
  71  9:30  Stalker x3  
  83  9:45  Assimilator  
  83  9:46  Gateway  
  83  9:47  Probe  
  83  9:49  Gateway  
  83  9:50  Probe  
  85  9:55  Probe  
  86  10:11  Protoss Ground Weapons Level 2 (Chrono Boost)  
  86  10:20  Stalker x2  
  86  10:21  Stalker x3  
  94  10:28  Observer  
  97  10:36  Probe  
  97  10:37  Probe x2  
  100  10:43  Pylon  
  100  10:45  Photon Cannon  
  100  10:52  Pylon  
  100  10:58  Probe x2  
  100  10:59  Probe  
  103  11:07  Photon Cannon  
  103  11:09  Probe  
  103  11:10  Probe  
  103  11:11  Photon Cannon  
  105  11:14  Assimilator, Photon Cannon  
  105  11:17  Pylon  
  105  11:21  Templar Archives  
  105  11:22  Gateway  
  105  11:54  Stalker x5  
  107  11:55  Stalker x2  
  103  12:13  Gateway  
  101  12:15  Gateway  
  101  12:18  Gateway  
  101  12:20  Gateway  
  101  12:22  Adept x5  
  105  12:23  Adept x3, Gateway  
  93  12:40  Probe  
  93  12:41  Probe, Charge  
  93  12:42  Probe  
  90  12:58  High Templar x4  
  94  12:59  High Templar x3  
  104  13:07  Archon x3  
  104  13:13  Nexus  
  104  13:15  Pylon  
  104  13:18  Pylon  
  104  13:22  Pylon  
  104  13:40  High Templar x5  
  104  13:41  High Templar x3  
  120  13:46  Protoss Ground Weapons Level 3 (Chrono Boost)  
  120  13:50  Archon x4  
  120  13:55  Stalker x3  
  126  13:56  Stalker  
  126  13:58  Observer  
  126  14:01  Probe x2  
  131  14:29  Probe  
  131  14:30  Probe x2  
  134  14:41  Stalker  
  134  14:42  Stalker x6  
  134  14:43  Stalker x4  
  156  14:46  Pylon  
  156  14:58  Photon Cannon  
  156  15:00  Photon Cannon  
  156  15:02  Gateway  
  156  15:07  Photon Cannon  
  156  15:14  Assimilator  
  156  15:16  Assimilator  
  156  15:42  Nexus  
  156  15:47  Pylon  
  156  15:50  Adept x6  
  156  15:51  Adept x5  
  178  16:08  Gateway  
  162  16:13  Dark Templar x5  
  172  16:23  Dark Templar  
  172  16:24  Dark Templar  
  127  16:57  Assimilator  
  127  17:01  Assimilator  
  127  17:03  Probe x2  
  127  17:05  Photon Cannon  
  127  17:06  Pylon  
  129  17:09  Pylon, Photon Cannon  
  129  17:11  Photon Cannon  
  129  17:14  Photon Cannon  
  123  17:23  Protoss Ground Armor Level 1 (Chrono Boost)  
  95  17:37  Stalker x3  
  95  17:38  Stalker x5  
  95  17:39  Stalker x4  
  95  17:42  Nexus  
  113  17:45  Assimilator  
  113  17:49  Assimilator  
  113  17:52  Pylon  
  113  17:54  Pylon  
  113  18:13  Stalker x3  
  113  18:14  Stalker x3  
  113  18:15  Stalker x4  
  113  18:16  Stalker x2  
  113  19:14  Stalker  
  113  19:15  Stalker x6  
  113  19:16  Stalker x5  
  113  19:17  Stalker x3  
  133  20:05  Stalker x6  
  133  20:06  Stalker x6  
  131  20:19  Nexus  
  131  20:20  Pylon  
  131  20:22  Pylon  
  127  20:53  High Templar x4  
  127  20:54  High Templar x6  
  127  20:55  High Templar x3  
  146  20:58  Archon x4  
  146  20:59  Archon x2  
  146  21:01  Mothership Core  
  130  21:17  Protoss Shields Level 1 (Chrono Boost)  
  112  21:42  Adept x4  
  112  21:43  Adept x6  
  112  21:44  Adept x2  
  112  21:45  Adept x3  
  90  22:08  Probe  
  90  22:09  Probe  
  90  22:10  Probe x3  
  69  22:56  Assimilator  
  63  22:58  Assimilator  
  63  23:06  High Templar  
  63  23:07  High Templar x6  
  63  23:08  High Templar x3  
  63  23:11  Archon x2  
  63  23:12  Nexus, Archon x2  
  83  23:13  Archon  
  83  23:16  Pylon  
  83  23:25  High Templar x2  
  87  23:44  Zealot x2  
  87  23:45  Assimilator, Zealot x6  
  87  23:46  Assimilator, Zealot x3  
  109  24:00  Archon  
  109  24:05  Stalker x3  
  109  24:06  Stalker x3  
Tags
 
Add a new tag
Caveats
  • Supply blocks, unpowered buildings, or Contaminate may cause inaccurate times.
  • Supply counts are checked every 10 seconds.